 Dungeon Crawl Stone Soup version 0.31-a0-479-g91c9547826 (webtiles) character file.

Game seed: 8217335625282640432

23676 Bnni the Geomancer (level 13, -3/92 (102) HPs)
             Began as a Formicid Earth Elementalist on Aug 7, 2023.
             Was a High Priest of Cheibriados.
             Slain by a tengu reaver
             ... wielding a +0 battleaxe
              (13 damage)
             ... on level 13 of the Dungeon.
             The game lasted 00:32:14 (14204 turns).

Bnni the Geomancer (Formicid Earth Elementalist)   Turns: 14204, Time: 00:32:15

HP:   -3/92 (102)   AC: 15    Str: 25    XL:     13   Next: 37%
MP:   0/42          EV: 14    Int: 29    God:    Cheibriados [*****.]
Gold: 549           SH:  0    Dex: 32    Spells: 6/27 levels left

rFire   + . .        E - +0 dagger (venom)
rCold   . . .        H - +0 kite shield
rNeg    . . .        D - +1 chain mail {rF+}
rPois   .            (helmet unavailable)
rElec   +            M - +1 cloak
rCorr   .            (no gloves)
SInv    +            C - +0 pair of boots
Will    +....        s - amulet of Salvation {Spirit +Blink rElec MP+9 Str-3} Stlth
                     k - +5 ring of evasion
HPRegen 0.35/turn    o - ring of Puabb {MP+9 Dex+6}
MPRegen 0.28/turn

%: guardian spirit
@: confused, ambrosia-drunk, drained, very slow
A: permanent stasis, dig shafts and tunnels, antennae 3, four strong arms
a: Dig, Shaft Self, Renounce Religion, Bend Time, Temporal Distortion, Slouch,
Step From Time


You were on level 13 of the Dungeon.
You worshipped Cheibriados.
Cheibriados was extremely pleased with you.
You visited 2 branches of the dungeon, and saw 14 of its levels.

You collected 900 gold pieces.
You spent 351 gold pieces at shops.

Inventory:

Hand Weapons
 m - a +3 trident
 E - a +0 dagger of venom (weapon)
 Q - a +4 scimitar of flaming
Missiles
 q - 41 poisoned darts
 F - 3 throwing nets
 G - a curare-tipped dart
Armour
 C - a +0 pair of boots (worn)
 D - a +1 chain mail of fire resistance (worn)
 H - a +0 kite shield (worn)
 M - a +1 cloak (worn)
Jewellery
 k - a +5 ring of evasion (left hand)
 o - the ring of Puabb (right hand) {MP+9 Dex+6}
   (You found it on level 3 of the Dungeon)

   [ring of magical power]

   Dex:       It affects your dexterity (+6).
   MP:        It affects your magic capacity (+9).
 r - an amulet of regeneration
 s - the amulet of Salvation (around neck) {Spirit +Blink rElec MP+9 Str-3}
   (You found it on level 7 of the Dungeon)

   [amulet of guardian spirit]

   It causes incoming damage to be divided between your reserves of health and
   magic.
   Str:       It affects your strength (-3).
   rElec:     It insulates you from electricity.
   MP:        It affects your magic capacity (+9).
   +Blink:    It lets you blink.
 P - a ring of flight
Wands
 b - a wand of mindburst (18)
 v - a wand of flame (1)
 x - a wand of iceblast (23)
 y - a wand of polymorph (7)
 I - a wand of paralysis (4)
 L - a wand of quicksilver (4)
Scrolls
 e - 7 scrolls of enchant weapon
 f - 2 scrolls of poison
 g - 2 scrolls of fear
 n - 2 scrolls of enchant armour
 u - 2 scrolls of fog
 B - 2 scrolls of immolation
 J - a scroll of noise {unknown}
 N - a scroll of vulnerability
 O - a scroll of acquirement {unknown}
 S - a scroll of revelation
 T - a scroll of butterflies
Potions
 a - 2 potions of resistance {unknown}
 d - a potion of invisibility {unknown}
 h - a potion of attraction {unknown}
 i - 4 potions of might {unknown}
 j - 3 potions of brilliance {unknown}
 l - 3 potions of enlightenment
 t - a potion of mutation {unknown}
 w - a potion of cancellation {unknown}
 z - 3 potions of curing {unknown}
 A - a potion of haste {unknown}
 K - a potion of lignification {unknown}


   Skills:
 + Level 9.7 Fighting
 + Level 8.7 Armour
 - Level 1.7 Dodging
 - Level 2.4 Stealth
 - Level 10.0 Shields
 + Level 7.7 Spellcasting
 + Level 3.9 Conjurations
 - Level 3.0 Transmutations
 * Level 14.7 Earth Magic
 + Level 8.0 Invocations


You had 6 spell levels left.
You knew the following spells:

 Your Spells              Type           Power      Damage    Failure   Level
a - Sandblast             Erth           100%       2d20      1%          1
b - Passwall              Tmut/Erth      48%        N/A       1%          2
c - Stone Arrow           Conj/Erth      100%       3d13      2%          3
d - Leda's Unmaking       Conj/Erth      30%        9d5       75%         6
e - Lee's Rapid Deconstr  Erth           38%        3d19*     2%          5
f - Petrify               Tmut/Erth      58%        N/A       9%          4

Your spell library contained the following spells:

 Spells                   Type           Power      Damage    Failure   Level
 Magic Dart               Conj           100%       1d8       7%          1
 Searing Ray              Conj           68%        2d6       10%         2
 Kiss of Death            Conj/Necr      88%        2d12      16%         1
 Shock                    Conj/Air       88%        1d8       16%         1
 Leda's Liquefaction      Hex/Erth       26%        N/A       17%         4
 Freeze                   Ice            44%        1d6       34%         1
 Hailstorm                Conj/Ice       22%        3d7       41%         3
 Cigotuvi's Dreadful Rot  Necr/Pois/Air  22%        N/A       45%         2
 Ignite Poison            Fire/Tmut/Pois 17%        N/A       56%         3
 Call Canine Familiar     Summ           11%        N/A       71%         3
 Confusing Touch          Hex            11%        N/A       71%         3
 Frozen Ramparts          Ice            22%        1d4       71%         3
 Portal Projectile        Hex/Tloc       22%        N/A       71%         3
 Tukima's Dance           Hex            11%        N/A       71%         3
 Fulminant Prism          Conj/Hex       11%        3d8       83%         4
 Iskenderun's Mystic Bla  Conj/Tloc      22%        2d6       83%         4
 Airstrike                Air            5%         2d(1-17)  98%         4
 Dispel Undead            Necr           11%        3d9       98%         4
 Freezing Cloud           Conj/Ice/Air   9%         6-21      99%         5
 Swiftness                Air            Unusable   N/A       N/A         3

Dungeon Overview and Level Annotations

Branches:
Dungeon (13/15)            Temple (1/1) D:7            Lair (0/5) D:10
    Orc (0/2) D:10
 Vaults: D:13-14

Altars:
Ashenzari
Cheibriados
Dithmenos
Elyvilon
Fedhas
Gozag
Hepliaklqana
Kikubaaqudgha
Makhleb
Nemelex Xobeh
Okawaru
Qazlal
Ru
Sif Muna
Trog
Uskayaw
Vehumet
Wu Jian
Xom
Yredelemnul
Zin
The Shining One

Shops:
D:8 (   D:13 :[?


Innate Abilities, Weirdness & Mutations

You cannot be hasted, slowed, berserked, paralysed or teleported.
You can dig through walls and to a lower floor.
You have a pair of large antennae on your head. (SInv)
Your four strong arms can wield two-handed weapons with a shield.


Message History

Cheibriados rebukes the tengu reaver.
The tengu reaver seems to slow down.
Aiming: Sandblast (safe; 1% risk of failure)
Press: ? - help, Q - select action, (/) - cycle Shift-Dir - straight line, f/p - tengu reaver
Aim: a tengu reaver, wielding a +0 battleaxe and wearing a +0 ring mail (severely wounded, slow, 74% to hit)
The blast of sand hits the tengu reaver!
The tengu reaver is almost dead.
The tengu reaver hits you with a +0 battleaxe!!
* * * LOW HITPOINT WARNING * * *
You block the tengu reaver's attack.
The tengu reaver claws you but does no damage.
Unknown command.
You feel much better.
The tengu reaver hits you with a +0 battleaxe!
* * * LOW HITPOINT WARNING * * *
The tengu reaver pecks you.
* * * LOW HITPOINT WARNING * * *
The tengu reaver misses you.
Casting: Sandblast (safe; 1% risk of failure)
Confirm with . or Enter, or press ? or * to list all spells.
Aiming: Stone Arrow (mildly dangerous; 2% risk of failure)
Press: ? - help, Shift-Dir - straight line, f/p - tengu reaver
Aim: a tengu reaver, wielding a +0 battleaxe and wearing a +0 ring mail (almost dead, slow, 61% to hit)
Okay, then.
Aiming: Sandblast (safe; 1% risk of failure)
Press: ? - help, Q - select action, (/) - cycle Shift-Dir - straight line, f/p - tengu reaver
Aim: a tengu reaver, wielding a +0 battleaxe and wearing a +0 ring mail (almost dead, slow, 74% to hit)
The blast of sand misses the tengu reaver.
The tengu reaver hits you with a +0 battleaxe!!
* * * LOW HITPOINT WARNING * * *
You block the tengu reaver's attack.
The tengu reaver claws you but does no damage.
Okay, then.
Okay, then.
You are confused.
You feel invigorated.
Your +0 dagger of venom begins to drip with poison!
E - a +0 dagger of venom (weapon)
The tengu reaver hits you with a +0 battleaxe!!
You die...

.# #.# ' #.# .# #.# #C# #.# .#
#.# ###'### #.# .# #.#
##.....###.####### .#
#.####.......#......... .# #....#
......##.####### .##########.####
{..9. #.# ............# #~###{#
#.# ###.#######.# #@#{{# #.# #.#
#.# ##Q#{# #.# #.#
#.#######.#####.####### #.#
#......................
###.#######.#######.......#######
............# #.......#
####.######.# #.......# ≈# #.#
#.# #.......# ≈# #># #.#
#.......#


You could see a tengu reaver (slow).

Vanquished Creatures
  A hydra (D:13)
  2 boulder beetles (D:11)
  3 centaur warriors (D:13)
  2 two-headed ogres
  5 skeletal warriors (D:12)
  Pikel (D:5)
  A deep elf pyromancer (D:13)
  4 cyclopes
  3 manticores
  4 ugly things
  Maurice (D:12)
  2 rime drakes (D:12)
  An unseen horror (D:12)
  An efreet (D:13)
  2 tengu conjurers (D:13)
  4 trolls
  Sigmund (D:2)
  A culicivora (shapeshifter) (D:13)
  A shadow (D:12)
  A vampire (D:12)
  18 yaks
  A basilisk (D:13)
  A steam dragon (D:10)
  9 vampire mosquitoes
  2 acid dragons
  A water moccasin (D:6)
  An orc warrior (D:9)
  2 black bears
  An ice beast (D:7)
  5 ogres
  A wolf (D:10)
  3 centaurs
  A phantom (D:4)
  2 kobold brigands
  2 bullfrogs
  A gnoll sergeant (D:9)
  2 scorpions
  5 wights (D:7)
  7 killer bees
  3 electric eels
  8 howler monkeys
  7 orc priests
  7 hounds
  2 jellies (D:5)
  2 gnoll boudas
  2 sleepcaps
  5 iguanas
  9 orc wizards
  8 adders
  22 gnolls
  A white imp (D:7)
  2 ufetubi
  2 worms
  2 dart slugs
  26 orcs
  2 ball pythons
  7 bats
  9 endoplasms
  5 giant cockroaches
  6 goblins
  11 hobgoblins
  5 jackals (D:3)
  26 kobolds
  6 quokkas
  3 frilled lizards
  8 rats
302 creatures vanquished.

Notes
Turn   | Place    | Note
-------+----------+-------------------------------------------
     0 | D:1      | Bnni the Formicid Earth Elementalist began the quest for
                  | the Orb.
     0 | D:1      | Reached XP level 1. HP: 13/13 MP: 3/3
   246 | D:1      | Reached XP level 2. HP: 19/19 MP: 1/5
   706 | D:1      | Reached skill level 4 in Earth Magic
   706 | D:1      | Reached XP level 3. HP: 25/25 MP: 4/6
   764 | D:1      | Reached skill level 1 in Conjurations
  1027 | D:2      | Noticed Sigmund
  1042 | D:2      | Killed Sigmund
  1043 | D:2      | Reached skill level 1 in Fighting
  1043 | D:2      | Reached XP level 4. HP: 16/33 MP: 0/8
  1043 | D:2      | Reached XP level 5. HP: 18/38 MP: 0/9
  1043 | D:2      | Reached XP level 6. HP: 21/44 MP: 0/10
  1213 | D:2      | Learned a level 2 spell: Passwall
  1217 | D:2      | Learned a level 3 spell: Stone Arrow
  1222 | D:2      | Learned a level 4 spell: Petrify
  2602 | D:3      | Found a faded altar of an unknown god.
  2605 | D:3      | Reached skill level 5 in Earth Magic
  2663 | D:3      | Identified the ring of Puabb {MP+9 Dex+6}
  3317 | D:4      | Noticed an ogre
  3326 | D:4      | Killed an ogre
  3327 | D:4      | Reached XP level 7. HP: 51/51 MP: 13/13
  3609 | D:4      | Reached skill level 6 in Earth Magic
  3818 | D:4      | Reached XP level 8. HP: 47/58 MP: 15/15
  4309 | D:5      | Entered Level 5 of the Dungeon
  4505 | D:5      | Reached skill level 5 in Spellcasting
  4543 | D:5      | Reached skill level 1 in Armour
  4621 | D:5      | Found a burning altar of Makhleb.
  4913 | D:5      | Reached skill level 7 in Earth Magic
  5159 | D:5      | Noticed Pikel
  5168 | D:5      | Killed Pikel
  5169 | D:5      | Reached skill level 5 in Fighting
  5169 | D:5      | Reached skill level 8 in Earth Magic
  5169 | D:5      | Reached XP level 9. HP: 51/68 MP: 16/16
  5554 | D:6      | Found a blossoming altar of Fedhas.
  5912 | D:6      | Reached skill level 9 in Earth Magic
  6475 | D:7      | Found a staircase to the Ecumenical Temple.
  6484 | Temple   | Entered the Ecumenical Temple
  6494 | Temple   | Became a worshipper of Cheibriados the Contemplative
  6526 | D:7      | Reached skill level 1 in Invocations
  6587 | D:7      | Found a hazy altar of Hepliaklqana.
  6850 | D:7      | Reached skill level 10 in Earth Magic
  6943 | D:7      | Reached skill level 5 in Armour
  6943 | D:7      | Reached XP level 10. HP: 55/76 MP: 17/17
  6955 | D:7      | Reached * piety under Cheibriados
  7140 | D:7      | Identified the amulet of Salvation {Spirit +Blink rElec
                  | MP+9 Str-3}
  7792 | D:8      | Reached skill level 11 in Earth Magic
  7914 | D:8      | Learned a level 5 spell: Lee's Rapid Deconstruction
  8013 | D:8      | Reached ** piety under Cheibriados
  8530 | D:8      | Found Nuon's Antique Weapon Shoppe.
  8667 | D:9      | Reached *** piety under Cheibriados
  8670 | D:9      | Reached skill level 1 in Shields
  9198 | D:10     | Entered Level 10 of the Dungeon
  9293 | D:10     | Noticed a two-headed ogre
  9296 | D:10     | Killed a two-headed ogre
  9297 | D:10     | Reached skill level 12 in Earth Magic
  9297 | D:10     | Reached XP level 11. HP: 65/84 MP: 19/19
  9406 | D:10     | Found a sacrificial altar of Ru.
  9409 | D:10     | Reached skill level 5 in Invocations
  9552 | D:10     | Found a staircase to the Orcish Mines.
  9560 | D:10     | Found a staircase to the Lair.
  9586 | D:10     | Reached **** piety under Cheibriados
 10474 | D:10     | Learned a level 6 spell: Leda's Unmaking
 10718 | D:11     | Noticed a green ugly thing
 10723 | D:11     | Killed a green ugly thing
 10724 | D:11     | Reached skill level 5 in Shields
 10726 | D:11     | Noticed a boulder beetle
 10742 | D:11     | Killed a boulder beetle
 11157 | D:11     | Noticed a two-headed ogre
 11162 | D:11     | Killed a two-headed ogre
 11474 | D:11     | Noticed a boulder beetle
 11491 | D:11     | Killed a boulder beetle
 11840 | D:12     | Noticed a cyclops
 11843 | D:12     | Reached skill level 13 in Earth Magic
 11848 | D:12     | Killed a cyclops
 11863 | D:12     | Reached XP level 12. HP: 94/94 MP: 21/21
 11951 | D:12     | Noticed Maurice
 11954 | D:12     | Reached ***** piety under Cheibriados
 11968 | D:12     | HP: 4/94 [manticore (5)]
 11978 | D:12     | Killed Maurice
 12017 | D:12     | Noticed a skeletal warrior
 12018 | D:12     | Noticed a skeletal warrior
 12018 | D:12     | Noticed a skeletal warrior
 12318 | D:12     | Killed a skeletal warrior
 12319 | D:12     | Noticed a skeletal warrior
 12320 | D:12     | Found a frozen archway.
 12333 | D:12     | Killed a skeletal warrior
 12348 | D:12     | Noticed a skeletal warrior
 12351 | D:12     | Killed a skeletal warrior
 12358 | D:12     | Killed a skeletal warrior
 12580 | D:12     | Killed a skeletal warrior
 12933 | D:13     | Noticed a centaur warrior
 12942 | D:13     | Killed a centaur warrior
 12942 | D:13     | Noticed a four-headed hydra
 12943 | D:13     | Reached skill level 14 in Earth Magic
 12951 | D:13     | Killed a four-headed hydra
 13103 | D:13     | Reached XP level 13. HP: 77/101 MP: 24/24
 13323 | D:13     | Found a runed translucent door.
 13323 | D:13     | Noticed a centaur warrior
 13348 | D:13     | Found Emuoba Mueq's Magic Scroll Emporium.
 13364 | D:13     | Found Likkuibu's Antique Armour Shop.
 13499 | D:13     | Found Basafydix's Book Emporium.
 13544 | D:13     | Bought a scroll of identify for 36 gold pieces
 13544 | D:13     | Bought a scroll of identify for 36 gold pieces
 13544 | D:13     | Bought a scroll of fear for 72 gold pieces
 13544 | D:13     | Bought a scroll of revelation for 135 gold pieces
 13544 | D:13     | Bought a scroll of butterflies for 72 gold pieces
 13900 | D:13     | Noticed a centaur warrior
 13914 | D:13     | Killed a centaur warrior
 14166 | D:13     | Noticed a tengu reaver
 14167 | D:13     | Killed a centaur warrior
 14173 | D:13     | Reached skill level 10 in Shields
 14178 | D:13     | Noticed a catoblepas
 14183 | D:13     | Noticed a great orb of eyes
 14202 | D:13     | HP: 3/92 [tengu reaver/+0 battleaxe (18)]
 14204 | D:13     | Slain by a tengu reaver

Illustrated notes

Levels and vault maps discovered:
D:1:      matt_arrival_los_fun, layout_basic
D:2:      layout_basic, uniq_sigmund
D:3:      layout_rooms, ebering_ecumenical_altar_sacrificial, minmay_vboxes
D:4:      minmay_door_path, layout_cave_pods, grunt_ministairs_6
D:5:      layout_cave_pods, mainiacjoe_overflow_alcove_1,
          hangedman_decor_peaks_small, grunt_ministairs_13, uniq_pikel
D:6:      layout_loops_cross, mainiacjoe_overflow_concentric_impassable
D:7:      layout_cave_pods, lemuel_round_altar, minmay_temple_entry_antechambers
D:8:      layout_loops_ring, serial_shops, nicolae_shop_real_fake_doors
D:9:      layout_long_grid, nicolae_water_bricks, chequers_serial_rivers_micro_e
D:10:     layout_grid_maze, nicolae_ru_great_annihilating_truth,
          erik_lair_island
D:11:     layout_basic
D:12:     layout_rooms, portal_ice_cave_rime, uniq_maurice
D:13:     layout_small_grid, nicolae_wooded_promenade, lightli_airlock
Temple:   nicolae_temple_two_arcs

Skill      XL: |  1  2  3  4  5  6  7  8  9 10 11 12 13 |
---------------+----------------------------------------+-----
Earth Magic    | 4 5 6 8 10 12 13 14 | 14.7
Conjurations   | 2 3 |  3.9
Fighting       | 1 2 3 5 6 7 8 9 |  9.7
Spellcasting   | 3 4 5 6 7 |  7.7
Transmutations | 2 3 |  3.0
Armour         | 3 5 6 7 8 |  8.7
Invocations    | 2 4 6 7 8 |  8.0
Shields        | 2 6 9 10 | 10.0
Dodging        | |  1.7
Stealth        | |  2.4

Action                     |  1- 3 |  4- 6 |  7- 9 | 10-12 | 13-15 || total
---------------------------+-------+-------+-------+-------+-------++-------
  Melee: Unarmed           |     2 |       |       |       |       ||     2
         Spear             |     6 |    17 |     7 |       |       ||    30
         Trident           |       |       |     4 |    77 |     8 ||    89
         Dagger            |       |       |       |    32 |       ||    32
  Throw: Dart              |       |     4 |     2 |     1 |     1 ||     8
         Throwing net      |       |       |       |       |     1 ||     1
   Cast: Sandblast         |    36 |    77 |   150 |   284 |    47 ||   594
         Stone Arrow       |       |       |       |     5 |       ||     5
         Lee's Rapid Decon |       |       |       |    19 |     4 ||    23
         Petrify           |       |       |       |     3 |     1 ||     4
 Invoke: Bend Time         |       |       |       |       |     1 ||     1
         Slouch            |       |       |       |       |     1 ||     1
Ability: Dig               |       |       |     1 |       |     3 ||     4
  Evoke: Wand              |       |       |       |     2 |     1 ||     3
    Use: Scroll            |       |       |     4 |     5 |     2 ||    11
         Potion            |       |       |       |     6 |     4 ||    10
   Stab: Sleeping          |       |     1 |       |       |       ||     1
 Armour: Robe              |     9 |     2 |       |       |       ||    11
         Ring mail         |       |     5 |    17 |       |       ||    22
         Chain mail        |       |       |     8 |   126 |    17 ||   151
  Dodge: Dodged            |    15 |    38 |   144 |   202 |    30 ||   429
  Block: Kite shield       |       |       |       |   187 |    52 ||   239

Table legend: (Time is in decaauts)
 A = Elapsed time spent in this place.
 B = Non-inter-level travel time spent in this place.
 C = Inter-level travel time spent in this place.
 D = Time resting spent in this place.
 E = Time spent auto-exploring this place.
 F = Levels seen in this place.
 G = Mean time per level.
                   A        B        C        D        E       F      G
               +--------+--------+--------+--------+--------+-----+--------+
         Total |  17482 |  17094 |    388 |   1307 |  13091 |  14 | 1248.7 |
       Dungeon |  17460 |  17082 |    378 |   1307 |  13091 |  13 | 1343.1 |
        Temple |     22 |     12 |     10 |      0 |      0 |   1 |   22.0 |
               +--------+--------+--------+--------+--------+-----+--------+

Top non-repeatable levels by time:
    D:13: 2312 daAuts
    D:11: 1997 daAuts
    D:10: 1925 daAuts
     D:4: 1486 daAuts
     D:7: 1445 daAuts
     D:8: 1305 daAuts
     D:5: 1250 daAuts
     D:2: 1132 daAuts
    D:12: 1070 daAuts
     D:9: 942 daAuts
     D:1: 922 daAuts
     D:3: 842 daAuts
     D:6: 826 daAuts
  Temple: 22 daAuts
